AoeStats
← [VL] Rio_BlancoVER

Arabia

510237048Analyzed
1v1 RM · 1d ago on Sep 30, 2026· 48m 16s· 2 players
Game mode
Random Map
Map size
Tiny (2 player)
Population
200
Speed
Normal
Resources
Standard
Victory
Conquest
Starting age
Dark Age
Ending age
Imperial Age
RankedLock teamsTeams togetherTeam positionsShared explorationLock speedFull tech treeHidden civsTurbo modeCheats
Victory
Defeat
🇺🇸 Burgundians · United States
1499
+19
🇨🇦 Mongols · Canada
1554
-19
[VL] Rio_BlancoVER
5:56 Double-Bit Axe
6:59 Loom
10:14 Feudal Age
11:19 Bow Saw
16:38 Fletching
17:19 Padded Archer Armor
26:37 Castle Age
24:40 Gold Mining
25:16 Scale Mail Armor
26:20 Gold Shaft Mining
27:19 Scale Barding Armor
27:24 Forging
27:01 Cavalier
27:18 Crossbowman
27:46 Pikeman
28:35 Town Watch
33:03 Husbandry
35:27 Iron Casting
35:44 Chain Barding Armor
36:22 Chain Mail Armor
36:29 Stone Mining
36:51 Bodkin Arrow
37:48 Elite Skirmisher
39:05 Fervor
40:02 Leather Archer Armor
43:14 Imperial Age
42:08 Wheelbarrow
41:24 Light Cavalry
42:56 Burgundian Vineyards
43:33 Stone Shaft Mining
43:13 Squires
42:59 Arson
44:20 Conscription
44:15 Masonry
45:21 Plate Barding Armor
45:47 Blast Furnace
44:08 Hussar
47:03 Chemistry
47:45 Chemistry
Hajduk
5:18 Loom
9:08 Feudal Age
9:26 Man-at-Arms
11:26 Double-Bit Axe
15:12 Fletching
15:50 Padded Archer Armor
17:42 Horse Collar
19:57 Wheelbarrow
24:01 Castle Age
22:54 Scale Barding Armor
23:26 Bloodlines
24:23 Gold Mining
24:20 Light Cavalry
28:00 Bodkin Arrow
30:21 Forging
31:15 Bow Saw
32:22 Pikeman
36:33 Bodkin Arrow
37:11 Husbandry
38:19 Leather Archer Armor
40:52 Hand Cart
44:47 Imperial Age
43:04 Gold Shaft Mining
44:23 Heavy Plow
44:54 Chain Barding Armor
45:47 Hussar
Connection lost

Rejoining the realm…

Still unreachable

The connection could not be restored.

Session expired

The server has moved on; the page needs a fresh start.